 Dungeon Crawl Stone Soup version 0.29.0-15-g675c0067aa (webtiles) character file.

Game seed: 2518264296578470823

183359 qw the Warrior (level 17, -3/170 HPs)
             Began as a Minotaur Berserker on Sept 11, 2022.
             Was an Elder of Trog.
             Shot with a bolt by a naga sharpshooter (11 damage)
             ... on level 4 of the Snake Pit.
             The game lasted 00:12:26 (33104 turns).

qw the Warrior (Minotaur Berserker)                Turns: 33104, Time: 00:12:27

Health: -3/170     AC: 38    Str: 34    XL:     17   Next: 74%
Magic:  0/25       EV: 15    Int:  8    God:    Trog [****..]
Gold:   229        SH: 13    Dex: 11    Spells: 16/16 levels left

rFire   . . .      SeeInvis +   b - +14 obsidian axe {vorpal, Mesm Drain Fly SInv}
rCold   . . .      Faith    .   w - +0 kite shield {reflect}
rNeg    . . .      Spirit   +   A - +9 plate armour "Jyskug" {+Blink rPois Str+2}
rPois   +          Reflect  +   (helmet unavailable)
rElec   +          Harm     .   H - +2 cloak
rCorr   +          Rampage  .   t - +2 pair of gloves {Str+3}
Will    +....                   a - +1 pair of boots
Stlth   ..........              C - amulet of guardian spirit
HPRegen 0.38/turn               k - +4 ring of evasion
MPRegen 0.19/turn               v - ring "Fothret" {rElec rCorr MP+9 Int+4}

@: lethally poisoned (-3 -> -16), about to teleport, weakened, flying,
mesmerised
A: horns 3, retaliatory headbutt
a: Renounce Religion, Evoke Blink, Berserk, Trog's Hand, Brothers in Arms


You were on level 4 of the Snake Pit.
You worshipped Trog.
Trog was greatly pleased with you.
You visited 5 branches of the dungeon, and saw 29 of its levels.

You collected 3318 gold pieces.
You spent 3089 gold pieces at shops.


Innate Abilities, Weirdness & Mutations

You have a pair of large horns on your head.
You reflexively headbutt those who attack you in melee.


   Skills:
 - Level 20.0 Fighting
 - Level 18.1 Axes
 - Level 7.1 Throwing
 - Level 19.0 Armour
 + Level 9.4 Dodging
 - Level 17.5 Shields


You had 16 spell levels left.
You didn't know any spells.
Your spell library was empty.

Inventory:

Hand Weapons
 b - the +14 obsidian axe (weapon) {vorpal, Mesm Drain Fly SInv}
   (You took it off a deep elf pyromancer on level 8 of the Dungeon)

   It inflicts extra damage upon your enemies.
   It occasionally summons demons to assist the wielder when it strikes in
   combat.
   Its wielder is mesmerised by any visible foes.
   It cannot be unequipped while any foes are visible.
   SInv:      It lets you see invisible.
   Fly:       It grants you flight.
   Drain:     It drains your maximum health when unequipped.
 F - a +2 morningstar of draining
Missiles
 x - 6 boomerangs
 y - 3 silver boomerangs (quivered)
 E - 5 boomerangs of dispersal
Armour
 a - a +1 pair of boots (worn)
 t - a +2 pair of gloves of strength (worn)
 w - a +0 kite shield of reflection (worn)
 z - the +10 plate armour of Neuggump {Harm Str+2 Int+4}
   (You bought it in a shop on level 2 of the Orcish Mines)

   Str:       It affects your strength (+2).
   Int:       It affects your intelligence (+4).
   Harm:      It increases damage dealt and taken.
 A - the +9 plate armour "Jyskug" (worn) {+Blink rPois Str+2}
   (You bought it in a shop on level 2 of the Orcish Mines)

   Str:       It affects your strength (+2).
   rPois:     It protects you from poison.
   +Blink:    It lets you blink.
 H - a +2 cloak (worn)
Jewellery
 c - a ring of see invisible
 d - a ring of protection from fire
 f - a ring of poison resistance
 k - a +4 ring of evasion (left hand)
 q - a +6 ring of dexterity
 s - the ring of Laum {Fire rPois}
   (You found it on level 15 of the Dungeon)

   [ring of fire]

   It enhances your fire magic.
   rF:        It protects you from fire.
   rC:        It makes you vulnerable to cold.
   rPois:     It protects you from poison.
 u - a ring of poison resistance
 v - the ring "Fothret" (right hand) {rElec rCorr MP+9 Int+4}
   (You found it on level 1 of the Lair of Beasts)

   [ring of magical power]

   Int:       It affects your intelligence (+4).
   rElec:     It insulates you from electricity.
   MP:        It affects your magic capacity (+9).
   rCorr:     It protects you from acid and corrosion.
 C - an amulet of guardian spirit (around neck)
 G - a ring of protection from cold
Scrolls
 e - 7 scrolls of teleportation
 j - 4 scrolls of enchant weapon
 n - 17 scrolls of identify
 r - a scroll of brand weapon
Potions
 g - 7 potions of might
 h - 5 potions of mutation
 i - 2 potions of haste
 l - a potion of degeneration {unknown}
 m - 3 potions of cancellation
 o - 15 potions of curing
 B - a potion of heal wounds
 D - a potion of resistance

Dungeon Overview and Level Annotations

Branches:
Dungeon (15/15)            Temple (0/1) D:7            Lair (5/5) D:11
 Shoals (3/4) Lair:3        Snake (4/4) Lair:2        Slime (0/5) Lair:5
    Orc (2/2) D:9             Elf (0/3) Orc:2        Vaults (0/5) D:14
 Depths (0/4) D:15

Altars:
Ashenzari
Fedhas
Hepliaklqana
Qazlal
Ru
Sif Muna
Trog
Uskayaw
Vehumet
Wu Jian
Xom
The Shining One
Jiyva

Shops:
Orc:2 [*([   Shoals:2 ?:?*(**[   Snake:2 :=(![   Snake:3 (

Portals:
Trove: D:14 (give +3 storm dragon scales)

Annotations:
Snake:4 Mara


Message History

You closely miss Mara. Your headbutt misses Mara.
Mara is severely wounded.
You hit the naga mage but do no damage. You barely miss the naga sharpshooter.
You hit Mara. You closely miss qw's illusion.
Visions of slaying the naga sharpshooter flood into your mind.
You feel very sick.
The naga sharpshooter no longer looks unusually strong.
The naga no longer looks unusually strong.
The naga mage hits you with a +0 club. The naga hits you but does no damage.
The naga warrior roars a battlecry!
The nagas go into a battle-frenzy!
The naga mage casts a spell at the naga.
The naga seems to grow toxic.
The naga warrior roars a battlecry!
The nagas go into a battle-frenzy!
A naga mage comes into view. It is wielding a +0 halberd.
The salamander dies!
Trog accepts your kill.
The naga sharpshooter spits poison at you.
The splash of poison misses you. Qw's illusion hits you.
Your red devil hits Mara from afar with a +0 trident.
Mara is skewered by barbed spikes.
Your black bear barely misses qw's illusion.
Your black bear claws qw's illusion but does no damage.
Your black bear closely misses qw's illusion.
The naga warrior spits poison at you.
The splash of poison hits you but does no damage.
You resist.
The naga warrior hits you from afar with a +0 halberd of pain!!
33104 ||| READING 8 scrolls of teleportation.
As you read the scroll of teleportation, it crumbles to dust.
You feel strangely unstable.
Visions of slaying Mara flood into your mind.
You feel very sick.
The naga no longer looks unusually strong.
You block the naga's attack.
The naga sharpshooter gestures wildly while chanting.
The naga sharpshooter magically shoots a bolt.
The bolt hits you!
You die... ....... ....... ....... ....... ...#...........
NN.N..N#.N....N #N.....RN#.NNN# #.NN.NNNN.#

###N)NĀ¤RNN.##
##...NR@%N#..##
#.....@N......#
#..#.h$.4#....#
#.............#
#.............#
#.............#
########...##...###
............3...#
#....).......###.


You could see 3 Maras, a nagaraja (fast, strong), 7 naga warriors, 2 naga
sharpshooters, a salamander mystic (strong), 6 naga magi, 7 nagas, qw's illusion
(very poisoned, ally target), a friendly red devil (summoned) and a friendly
black bear (summoned, berserk).

Vanquished Creatures
  Vashnia (Snake:2)
  Bai Suzhen (Snake:3)
  Mlioglotl (Shoals:1)
  2 krakens
  Gastronok (D:11)
  Roxanne (D:15)
  A storm dragon (D:11)
  Donald (Snake:1)
  4 nagarajas
  Aizul (Snake:1)
  A frost giant (D:14)
  2 orc warlords
  An ettin (D:15)
  A merfolk impaler (Shoals:1)
  A fire dragon (D:15)
  Josephine (Snake:1)
  8 vault guards (D:14)
  Fannar (D:11)
  An ice dragon (D:14)
  3 salamander tyrants (Snake:4)
  Harold (D:11)
  A catoblepas (D:11)
  A merfolk avatar (Shoals:2)
  An alligator snapping turtle (Shoals:2)
  4 centaur warriors
  11 anacondas
  6 two-headed ogres
  2 boulder beetles
  5 hydras
  6 naga warriors
  2 satyrs (Shoals:3)
  A deep troll earth mage (D:11)
  2 tengu warriors
  An orc high priest (Orc:1)
  A hell knight (D:15)
  8 naga sharpshooters
  9 death yaks
  4 spriggan berserkers (D:14)
  3 shock serpents
  A deep troll (D:15)
  9 sea snakes
  2 lindwurms (Lair:1)
  2 naga ritualists
  3 orc knights
  12 harpies
  3 wizards (D:15)
  3 mana vipers
  5 orc sorcerers
  4 deep elf pyromancers
  6 ugly things
  7 fauns
  5 cyclopes
  7 manticores
  5 salamanders
  7 merfolk sirens
  A guardian serpent (Snake:2)
  An ice statue (D:14)
  5 elephants
  22 black mambas
  6 cane toads
  5 water nymphs
  10 naga magi
  A gargoyle (D:10)
  A kobold demonologist (D:12)
  7 komodo dragons
  3 freezing wraiths (D:14)
  A tengu conjurer (D:15)
  12 trolls
  8 polar bears
  5 merfolk
  5 wind drakes
  A hornet (D:11)
  Prince Ribbit (D:4)
  A raiju (Lair:5)
  12 dream sheep
  3 snapping turtles
  3 shadows
  7 wraiths
  4 wyverns
  4 water elementals (D:14)
  8 basilisks
  32 yaks
  A steam dragon (D:9)
  8 vampire mosquitoes (D:11)
  9 wargs
  27 nagas
  An acid dragon (shapeshifter) (D:15)
  7 water moccasins
  3 acid dragons
  11 hell hounds (Lair:5)
  16 ice beasts
  18 orc warriors
  2 sky beasts
  7 black bears
  10 ogres
  14 centaurs
  18 wolves
  A phantom (D:5)
  6 kobold brigands
  6 gnoll sergeants
  5 scorpions
  9 bullfrogs
  4 necrophages
  4 wights
  7 killer bees
  3 electric eels
  5 howler monkeys
  7 hounds
  2 jellies
  3 gnoll boudas
  9 orc priests
  Natasha (twice) (D:3)
  7 iguanas
  35 orc wizards
  A boggart simulacrum (D:15)
  18 gnolls
  8 adders
  2 shadow imps (D:6)
  3 dart slugs
  76 orcs
  6 ball pythons
  9 endoplasms
  3 giant cockroaches
  5 goblins
  9 hobgoblins
  3 jackals (D:2)
  4 quokkas
  3 bats
  3 frilled lizards
  28 kobolds
  3 rats (D:1)
  6 tentacles
810 creatures vanquished.

Vanquished Creatures (collateral kills)
  A nagaraja (Snake:3)
  An orc warlord (Orc:2)
  2 merfolk javelineers (Shoals:2)
  2 centaur warriors
  A catoblepas (Lair:5)
  A naga warrior (Snake:4)
  2 two-headed ogres
  3 death yaks (Lair:1)
  3 naga sharpshooters (Snake:2)
  A salamander mystic (Snake:4)
  3 sea snakes
  A naga ritualist (Snake:3)
  4 harpies (Shoals:1)
  A mana viper (Snake:2)
  A faun (Shoals:1)
  2 orc sorcerers (Orc:2)
  4 cyclopes
  4 salamanders
  2 manticores
  2 elephants (Lair:2)
  A black mamba (Snake:2)
  A torpor snail (Lair:5)
  2 naga magi (Snake:4)
  4 komodo dragons
  2 trolls (Orc:2)
  A merfolk (Shoals:1)
  3 wind drakes
  4 polar bears (Lair:5)
  3 raiju (Lair:5)
  A snapping turtle (Shoals:3)
  2 dream sheep (Shoals:2)
  A shadow (D:11)
  A wraith (D:11)
  3 wyverns
  4 yaks
  2 nagas (Snake:2)
  3 wargs
  2 water moccasins
  2 hell hounds (Lair:5)
  3 ice beasts (D:14)
  9 orc warriors
  5 black bears (Lair:5)
  3 ogres (Orc:2)
  8 wolves
  3 centaurs (D:15)
  4 bullfrogs
  2 wights (D:9)
  3 killer bees (D:8)
  A howler monkey (D:9)
  An electric eel (Snake:1)
  An orc priest (D:9)
  6 orc wizards
  2 gnolls (D:9)
  13 orcs
147 creatures vanquished.

Vanquished Creatures (others)
  An orc (Orc:1)
  7 fungi
  29 plants
  2 tentacles
39 creatures vanquished.

Grand Total: 996 creatures vanquished

Notes
Turn   | Place    | Note
-------+----------+-------------------------------------------
     0 | D:1      | qw the Minotaur Berserker began the quest for the Orb.
     0 | D:1      | Reached XP level 1. HP: 19/19 MP: 0/0
     0 | D:1      | 0 ||| qw: Version: 0.1-a-119-g272c26d
     0 | D:1      | 0 ||| qw: Game counter: 10729
     0 | D:1      | 0 ||| qw: Always use a shield: true
     0 | D:1      | 0 ||| qw: Do Orc after D:15 true
     0 | D:1      | 0 ||| qw: Do second Lair branch before Depths: true
     0 | D:1      | 0 ||| qw: Lair rune preference: random
     0 | D:1      | 0 ||| qw: Plans: Normal
     0 | D:1      | 0 ||| PLANNING D:1-11
   173 | D:1      | 173 ||| INVOKING Berserk.
   464 | D:1      | Reached XP level 2. HP: 24/26 MP: 1/1
  1152 | D:1      | 1152 ||| UPGRADING to +0 plate armour.
  1162 | D:1      | 1162 ||| DROPPING +0 animal skin.
  1163 | D:1      | 1163 ||| READING scroll labelled FANOXINULA.
  1164 | D:1      | 1164 ||| READING scroll labelled QETTIA ACAEGGY.
  1168 | D:1      | 1168 ||| READING scroll labelled COEZOT ZUKAES.
  1306 | D:1      | 1306 ||| READING scroll labelled XACHIA WOTRUAGG.
  1814 | D:2      | Reached XP level 3. HP: 28/31 MP: 2/2
  1943 | D:2      | 1943 ||| Stepping ~*~*~tactically~*~*~ (stealth).
  1993 | D:2      | Found a faded altar of an unknown god.
  2044 | D:2      | 2044 ||| Stepping ~*~*~tactically~*~*~ (stealth).
  2045 | D:2      | 2045 ||| Stepping ~*~*~tactically~*~*~ (stealth).
  2049 | D:2      | 2049 ||| Stepping ~*~*~tactically~*~*~ (stealth).
  2050 | D:2      | 2050 ||| Stepping ~*~*~tactically~*~*~ (stealth).
  2051 | D:2      | 2051 ||| Stepping ~*~*~tactically~*~*~ (stealth).
  2518 | D:2      | 2518 ||| UPGRADING to +0 pair of boots.
  2523 | D:2      | 2523 ||| READING scroll labelled ICAEWK WAR BAZO.
  2524 | D:2      | 2524 ||| READING scroll labelled HUSTRU TOOXA.
  2525 | D:2      | 2525 ||| READING scroll labelled HADULL IS DERU.
  2526 | D:2      | 2526 ||| READING scroll labelled EXKEG MOYSMAO.
  2527 | D:2      | 2527 ||| READING scroll labelled QUEFRO XEUSK.
  2543 | D:3      | 2543 ||| STAIRDANCE
  2569 | D:3      | Found a glowing golden altar of the Shining One.
  2571 | D:3      | Found a shimmering altar of Xom.
  2755 | D:3      | Noticed Natasha
  2757 | D:3      | 2757 ||| FLEEEEING.
  2758 | D:3      | 2758 ||| FLEEEEING.
  2759 | D:3      | 2759 ||| Stepping ~*~*~tactically~*~*~ (hiding).
  2762 | D:3      | 2762 ||| FLEEEEING.
  2765 | D:3      | 2765 ||| INVOKING Berserk.
  2766 | D:3      | 2766 ||| INVOKING Berserk.
  2768 | D:3      | Killed Natasha
  2769 | D:3      | Reached skill level 6 in Axes
  2769 | D:3      | Reached XP level 4. HP: 39/39 MP: 3/3
  2865 | D:3      | Found an ornate altar of the Wu Jian Council.
  2872 | D:3      | Reached ** piety under Trog
  2879 | D:3      | 2879 ||| READING scroll of enchant armour.
  2879 | D:3      | 2879 ||| ENCHANTING +0 pair of boots.
  2887 | D:3      | Noticed Natasha
  2891 | D:3      | 2891 ||| INVOKING Berserk.
  2893 | D:3      | Killed Natasha
  3229 | D:4      | 3229 ||| Stepping ~*~*~tactically~*~*~ (stealth).
  3231 | D:4      | 3231 ||| Stepping ~*~*~tactically~*~*~ (stealth).
  3242 | D:4      | Reached XP level 5. HP: 38/45 MP: 4/4
  3267 | D:4      | 3267 ||| FLEEEEING.
  3268 | D:4      | 3268 ||| FLEEEEING.
  3269 | D:4      | 3269 ||| STAIRDANCE
  3330 | D:4      | Reached skill level 3 in Armour
  3403 | D:4      | Reached skill level 4 in Fighting
  3404 | D:4      | 3404 ||| Stepping ~*~*~tactically~*~*~ (stealth).
  3410 | D:4      | 3410 ||| FLEEEEING.
  3411 | D:4      | 3411 ||| FLEEEEING.
  3412 | D:4      | 3412 ||| FLEEEEING.
  3413 | D:4      | 3413 ||| FLEEEEING.
  3414 | D:4      | 3414 ||| FLEEEEING.
  3478 | D:4      | 3478 ||| SWAPPING to +0 war axe.
  3479 | D:4      | 3479 ||| DROPPING +0 hand axe of protection.
  3554 | D:4      | Found a stormy altar of Qazlal.
  3554 | D:4      | Found a shimmering blue altar of Sif Muna.
  3578 | D:4      | Noticed a water moccasin
  3586 | D:4      | Killed a water moccasin
  3587 | D:4      | Reached XP level 6. HP: 29/53 MP: 5/5
  3589 | D:4      | 3589 ||| INVOKING Berserk.
  3851 | D:4      | 3851 ||| DROPPING +0 whip.
  3921 | D:4      | 3921 ||| READING scroll labelled TOLIOHAUSCH.
  3922 | D:4      | 3922 ||| DRINKING 5 dark potions.
  3923 | D:4      | 3923 ||| READING 2 scrolls of identify.
  3923 | D:4      | 3923 ||| IDENTIFYING grey potion
  3924 | D:4      | 3924 ||| DROPPING potion of brilliance.
  3957 | D:5      | Entered Level 5 of the Dungeon
  3957 | D:5      | Noticed an ice beast
  3960 | D:5      | 3960 ||| INVOKING Berserk.
  3967 | D:5      | Killed an ice beast
  3968 | D:5      | Reached XP level 7. HP: 60/60 MP: 6/6
  3972 | D:5      | 3972 ||| STAIRDANCE
  4096 | D:5      | 4096 ||| INVOKING Berserk.
  4100 | D:5      | Reached skill level 9 in Axes
  4276 | D:5      | 4276 ||| FLEEEEING.
  4277 | D:5      | 4277 ||| FLEEEEING.
  4278 | D:5      | 4278 ||| FLEEEEING.
  4280 | D:5      | 4280 ||| FLEEEEING.
  4281 | D:5      | 4281 ||| FLEEEEING.
  4282 | D:5      | 4282 ||| FLEEEEING.
  4283 | D:5      | 4283 ||| FLEEEEING.
  4284 | D:5      | 4284 ||| FLEEEEING.
  4285 | D:5      | 4285 ||| FLEEEEING.
  4286 | D:5      | 4286 ||| FLEEEEING.
  4291 | D:5      | 4291 ||| FLEEEEING.
  4298 | D:5      | 4298 ||| FLEEEEING.
  4299 | D:5      | 4299 ||| FLEEEEING.
  4300 | D:5      | 4300 ||| FLEEEEING.
  4301 | D:5      | 4301 ||| FLEEEEING.
  4302 | D:5      | 4302 ||| FLEEEEING.
  4304 | D:5      | 4304 ||| FLEEEEING.
  4311 | D:5      | 4311 ||| FLEEEEING.
  4312 | D:5      | 4312 ||| FLEEEEING.
  4313 | D:5      | 4313 ||| FLEEEEING.
  4314 | D:5      | 4314 ||| FLEEEEING.
  4315 | D:5      | 4315 ||| FLEEEEING.
  4315 | D:5      | Noticed Prince Ribbit
  4316 | D:5      | 4316 ||| FLEEEEING.
  4317 | D:5      | 4317 ||| STAIRDANCE
  4399 | D:5      | 4399 ||| STAIRDANCE
  4403 | D:5      | 4403 ||| STAIRDANCE
  4405 | D:4      | 4405 ||| INVOKING Berserk.
  4408 | D:4      | Killed Prince Ribbit
  4523 | D:5      | Reached skill level 5 in Fighting
  4531 | D:5      | 4531 ||| FLEEEEING.
  4532 | D:5      | 4532 ||| FLEEEEING.
  4533 | D:5      | 4533 ||| FLEEEEING.
  4534 | D:5      | 4534 ||| FLEEEEING.
  4535 | D:5      | 4535 ||| FLEEEEING.
  4536 | D:5      | 4536 ||| FLEEEEING.
  4537 | D:5      | 4537 ||| FLEEEEING.
  4538 | D:5      | 4538 ||| FLEEEEING.
  4539 | D:5      | 4539 ||| FLEEEEING.
  4540 | D:5      | 4540 ||| FLEEEEING.
  4541 | D:5      | 4541 ||| FLEEEEING.
  4542 | D:5      | 4542 ||| STAIRDANCE
  4704 | D:5      | Reached XP level 8. HP: 67/68 MP: 7/7
  4778 | D:5      | 4778 ||| INVOKING Berserk.
  4880 | D:5      | 4880 ||| Stepping ~*~*~tactically~*~*~ (stealth).
  4950 | D:5      | Reached skill level 6 in Fighting
  5093 | D:5      | 5093 ||| INVOKING Berserk.
  5295 | D:5      | 5295 ||| UPGRADING to +0 kite shield.
  5300 | D:5      | 5300 ||| UPGRADING to ring of poison resistance.
  5301 | D:5      | 5301 ||| DRINKING 3 silvery potions.
  5301 | D:5      | Gained mutation: You do not regenerate when monsters are
                  | visible. [potion of mutation]
  5301 | D:5      | Gained mutation: You are clumsy. (Dex -2) [potion of
                  | mutation]
  5301 | D:5      | Gained mutation: Your mind is acute. (Int +4, Str/Dex -1)
                  | [potion of mutation]
  5302 | D:5      | 5302 ||| DRINKING 2 potions of mutation.
  5302 | D:5      | Lost mutation: You do not regenerate when monsters are
                  | visible. [potion of mutation]
  5302 | D:5      | Lost mutation: You are clumsy. (Dex -2) [potion of
                  | mutation]
  5302 | D:5      | Lost mutation: Your mind is acute. (Int +4, Str/Dex -1)
                  | [potion of mutation]
  5302 | D:5      | Gained mutation: You have a pair of large horns on your
                  | head. [potion of mutation]
  5303 | D:5      | 5303 ||| READING 2 scrolls of identify.
  5303 | D:5      | 5303 ||| IDENTIFYING viscous silvery potion
  5355 | D:4      | Found a broken altar of Ashenzari.
  5365 | D:4      | 5365 ||| READING 2 scrolls of identify.
  5365 | D:4      | 5365 ||| IDENTIFYING emerald potion
  5366 | D:4      | 5366 ||| DROPPING potion of flight.
  5462 | D:6      | 5462 ||| Stepping ~*~*~tactically~*~*~ (stealth).
  5472 | D:6      | Reached skill level 1 in Shields
  5480 | D:6      | Reached skill level 3 in Shields
  5605 | D:6      | 5605 ||| Stepping ~*~*~tactically~*~*~ (stealth).
  5606 | D:6      | 5606 ||| Stepping ~*~*~tactically~*~*~ (stealth).
  5607 | D:6      | 5607 ||| Stepping ~*~*~tactically~*~*~ (stealth).
  5608 | D:6      | 5608 ||| Stepping ~*~*~tactically~*~*~ (stealth).
  5640 | D:6      | 5640 ||| INVOKING Berserk.
  5831 | D:6      | 5831 ||| Stepping ~*~*~tactically~*~*~ (stealth).
  5914 | D:6      | Found a hide-covered altar of Uskayaw.
  5969 | D:6      | Reached skill level 6 in Shields
  6189 | D:6      | Reached XP level 9. HP: 48/75 MP: 8/8
  6191 | D:6      | 6191 ||| INVOKING Berserk.
  6194 | D:6      | Reached *** piety under Trog
  6579 | D:6      | 6579 ||| Stepping ~*~*~tactically~*~*~ (hiding).
  6584 | D:6      | 6584 ||| INVOKING Berserk.
  6721 | D:6      | 6721 ||| Stepping ~*~*~tactically~*~*~ (stealth).
  6757 | D:6      | 6757 ||| INVOKING Berserk.
  7076 | D:6      | 7076 ||| UPGRADING to +1 plate armour of fire resistance.
  7086 | D:6      | 7086 ||| DROPPING +0 plate armour.
  7087 | D:6      | 7087 ||| READING scroll labelled JAKUGAHOEHA.
  7088 | D:6      | 7088 ||| READING scroll labelled COFUAF ABASSOVES.
  7132 | D:7      | 7132 ||| Stepping ~*~*~tactically~*~*~ (hiding).
  7146 | D:7      | 7146 ||| INVOKING Berserk.
  7159 | D:7      | Reached skill level 12 in Axes
  7167 | D:7      | 7167 ||| FLEEEEING.
  7175 | D:7      | 7175 ||| STAIRDANCE
  7317 | D:7      | 7317 ||| DROPPING +0 flail.
  7565 | D:7      | 7565 ||| READING scroll of enchant weapon.
  7565 | D:7      | 7565 ||| ENCHANTING +1 war axe.
  7597 | D:7      | Reached skill level 7 in Fighting
  7931 | D:7      | Found a staircase to the Ecumenical Temple.
  7997 | D:7      | Found a hazy altar of Hepliaklqana.
  8066 | D:7      | 8066 ||| READING scroll labelled MIEDOE MISH.
  8067 | D:7      | 8067 ||| READING 2 scrolls of identify.
  8067 | D:7      | 8067 ||| IDENTIFYING red potion
  8068 | D:7      | 8068 ||| DROPPING potion of magic.
  8100 | D:8      | 8100 ||| Stepping ~*~*~tactically~*~*~ (stealth).
  8102 | D:8      | 8102 ||| Stepping ~*~*~tactically~*~*~ (stealth).
  8104 | D:8      | 8104 ||| STAIRDANCE
  8114 | D:8      | 8114 ||| STAIRDANCE
  8119 | D:7      | Reached skill level 9 in Shields
  8163 | D:8      | Reached skill level 6 in Armour
  8167 | D:8      | 8167 ||| Stepping ~*~*~tactically~*~*~ (stealth).
  8169 | D:8      | Reached XP level 10. HP: 85/86 MP: 9/9
  8174 | D:8      | 8174 ||| Stepping ~*~*~tactically~*~*~ (stealth).
  8176 | D:8      | 8176 ||| Stepping ~*~*~tactically~*~*~ (stealth).
  8207 | D:8      | Noticed a deep elf pyromancer
  8211 | D:8      | Killed a deep elf pyromancer
  8239 | D:8      | 8239 ||| SWAPPING to +14 obsidian axe {vorpal, Mesm Drain
                  | Fly SInv}.
  8240 | D:8      | 8240 ||| DROPPING +2 war axe.
  8269 | D:8      | 8269 ||| Stepping ~*~*~tactically~*~*~ (hiding).
  8271 | D:8      | 8271 ||| Stepping ~*~*~tactically~*~*~ (hiding).
  8281 | D:8      | Reached **** piety under Trog
  8296 | D:8      | Found a radiant altar of Vehumet.
  8425 | D:8      | Identified the +5 scale mail "Zerphuugg" {Rampage rF+
                  | Will+}
  8447 | D:8      | Found a sacrificial altar of Ru.
  8589 | D:8      | Found a bloodstained altar of Trog.
  8657 | D:8      | 8657 ||| Stepping ~*~*~tactically~*~*~ (hiding).
  8665 | D:8      | Reached skill level 8 in Fighting
  8815 | D:8      | 8815 ||| UPGRADING to +0 pair of gloves.
  8820 | D:8      | 8820 ||| UPGRADING to +0 cloak.
  8825 | D:8      | 8825 ||| DRINKING 2 pink potions.
  8933 | D:9      | 8933 ||| FLEEEEING.
  8936 | D:9      | 8936 ||| Stepping ~*~*~tactically~*~*~ (hiding).
  8940 | D:9      | 8940 ||| FLEEEEING.
  8944 | D:9      | 8944 ||| FLEEEEING.
  8946 | D:9      | 8946 ||| STAIRDANCE
  9021 | D:9      | 9021 ||| Stepping ~*~*~tactically~*~*~ (stealth).
  9030 | D:9      | 9030 ||| Stepping ~*~*~tactically~*~*~ (stealth).
  9108 | D:9      | 9108 ||| Stepping ~*~*~tactically~*~*~ (hiding).
  9206 | D:9      | 9206 ||| Stepping ~*~*~tactically~*~*~ (stealth).
  9256 | D:9      | 9256 ||| INVOKING Berserk.
  9402 | D:9      | Found a staircase to the Orcish Mines.
  9405 | D:9      | 9405 ||| Stepping ~*~*~tactically~*~*~ (stealth).
  9410 | D:9      | Reached ***** piety under Trog
  9411 | D:9      | 9411 ||| INVOKING Brothers in Arms.
  9414 | D:9      | Noticed a rust devil
  9420 | D:9      | 9420 ||| INVOKING Berserk.
  9424 | D:9      | Reached XP level 11. HP: 87/94 MP: 10/10
  9674 | D:9      | 9674 ||| UPGRADING to ring of resist corrosion.
  9675 | D:9      | 9675 ||| DRINKING 2 lumpy white potions.
  9676 | D:9      | 9676 ||| READING 2 scrolls of identify.
  9676 | D:9      | 9676 ||| IDENTIFYING viscous brown potion
  9677 | D:9      | 9677 ||| DROPPING potion of lignification.
  9678 | D:9      | 9678 ||| DROPPING potion of attraction.
  9682 | D:10     | Entered Level 10 of the Dungeon
  9727 | D:10     | 9727 ||| INVOKING Brothers in Arms.
  9730 | D:10     | Reached skill level 1 in Throwing
  9770 | D:10     | Noticed a two-headed ogre
  9777 | D:10     | Killed a two-headed ogre
  9847 | D:10     | Found a blossoming altar of Fedhas.
  9955 | D:10     | Reached skill level 15 in Axes
  9958 | D:10     | 9958 ||| INVOKING Brothers in Arms.
 10152 | D:10     | 10152 ||| Stepping ~*~*~tactically~*~*~ (stealth).
 10154 | D:10     | 10154 ||| Stepping ~*~*~tactically~*~*~ (stealth).
 10165 | D:10     | Reached skill level 9 in Fighting
 10168 | D:10     | Reached skill level 3 in Dodging
 10288 | D:10     | Noticed a centaur warrior
 10294 | D:10     | 10294 ||| INVOKING Brothers in Arms.
 10295 | D:10     | 10295 ||| INVOKING Brothers in Arms.
 10296 | D:10     | 10296 ||| INVOKING Brothers in Arms.
 10297 | D:10     | 10297 ||| INVOKING Brothers in Arms.
 10299 | D:10     | Killed a centaur warrior
 10584 | D:10     | 10584 ||| FLEEEEING.
 10584 | D:10     | Noticed a two-headed ogre
 10585 | D:10     | 10585 ||| INVOKING Brothers in Arms.
 10587 | D:10     | Killed a two-headed ogre
 10700 | D:10     | 10700 ||| DROPPING +2 flail of draining.
 10710 | D:10     | 10710 ||| DROPPING amulet of magic regeneration.
 10711 | D:10     | 10711 ||| READING 3 scrolls of identify.
 10711 | D:10     | 10711 ||| IDENTIFYING black potion
 10712 | D:10     | 10712 ||| READING 2 scrolls of identify.
 10712 | D:10     | 10712 ||| IDENTIFYING yellow potion
 10740 | D:11     | Reached skill level 9 in Armour
 10749 | D:11     | 10749 ||| STAIRDANCE
 10897 | D:11     | 10897 ||| Stepping ~*~*~tactically~*~*~ (stealth).
 10898 | D:11     | 10898 ||| Stepping ~*~*~tactically~*~*~ (stealth).
 10898 | D:11     | Found a staircase to the Lair.
 10956 | D:11     | 10956 ||| INVOKING Brothers in Arms.
 11005 | D:11     | Noticed a two-headed ogre
 11005 | D:11     | 11005 ||| Stepping ~*~*~tactically~*~*~ (stealth).
 11020 | D:11     | Killed a two-headed ogre
 11021 | D:11     | Reached XP level 12. HP: 56/104 MP: 11/11
 11025 | D:11     | 11025 ||| FLEEEEING.
 11263 | D:11     | Reached skill level 10 in Fighting
 11264 | D:11     | 11264 ||| INVOKING Brothers in Arms.
 11267 | D:11     | HP: 25/106 [manticore (5)]
 11268 | D:11     | 11268 ||| READING 4 scrolls of teleportation.
 11269 | D:11     | 11269 ||| DRINKING 2 potions of heal wounds.
 11310 | D:11     | Noticed Harold
 11311 | D:11     | 11311 ||| FLEEEEING.
 11312 | D:11     | 11312 ||| STAIRDANCE
 11503 | D:11     | Killed Harold
 11683 | D:11     | Noticed a two-headed ogre
 11689 | D:11     | Killed a two-headed ogre
 11804 | D:11     | Noticed a deep troll earth mage
 11804 | D:11     | 11804 ||| Stepping ~*~*~tactically~*~*~ (stealth).
 11810 | D:11     | Killed a deep troll earth mage
 11890 | D:11     | Noticed a centaur warrior
 11890 | D:11     | Noticed a storm dragon
 11890 | D:11     | Noticed a catoblepas
 11891 | D:11     | 11891 ||| DRINKING potion of resistance.
 11896 | D:11     | Killed a storm dragon
 11897 | D:11     | Reached skill level 18 in Axes
 11900 | D:11     | Killed a catoblepas
 11903 | D:11     | Killed a centaur warrior
 11986 | D:11     | Noticed Fannar
 11991 | D:11     | Killed Fannar
 12193 | D:11     | Noticed Gastronok
 12200 | D:11     | Killed Gastronok
 12201 | D:11     | Reached skill level 11 in Fighting
 12523 | D:11     | 12523 ||| PLANNING LAIR
 12523 | D:11     | 12523 ||| DRINKING 2 viscous red potions.
 12570 | Lair:1   | Entered Level 1 of the Lair of Beasts
 12570 | Lair:1   | Noticed a death yak
 12570 | Lair:1   | Noticed a death yak
 12570 | Lair:1   | Noticed a death yak
 12570 | Lair:1   | Noticed a death yak
 12574 | Lair:1   | Killed a death yak
 12576 | Lair:1   | Killed a death yak
 12577 | Lair:1   | Killed a death yak
 12578 | Lair:1   | Reached skill level 12 in Shields
 12578 | Lair:1   | 12578 ||| INVOKING Brothers in Arms.
 12581 | Lair:1   | Killed a death yak
 13014 | Lair:1   | Reached XP level 13. HP: 112/116 MP: 12/12
 13021 | Lair:1   | 13021 ||| Stepping ~*~*~tactically~*~*~ (hiding).
 13426 | Lair:1   | Identified the ring "Fothret" {rElec rCorr MP+9 Int+4}
 13560 | Lair:1   | 13560 ||| UPGRADING to +6 ring of dexterity.
 13562 | Lair:1   | 13562 ||| UPGRADING to ring "Fothret" {rElec rCorr MP+9
                  | Int+4}.
 13617 | Lair:1   | 13617 ||| DROPPING ring of resist corrosion.
 13618 | Lair:1   | 13618 ||| READING 2 scrolls labelled AMI XEPNY YMU.
 13619 | Lair:1   | 13619 ||| READING 2 scrolls of identify.
 13619 | Lair:1   | 13619 ||| IDENTIFYING murky ruby potion
 13620 | Lair:1   | 13620 ||| DROPPING potion of berserk rage.
 13621 | Lair:1   | 13621 ||| DROPPING scroll of blinking.
 13841 | Lair:2   | Found a staircase to the Snake Pit.
 13860 | Lair:2   | Reached skill level 12 in Fighting
 13886 | Lair:2   | 13886 ||| INVOKING Brothers in Arms.
 14405 | Lair:3   | Found a staircase to the Shoals.
 14664 | Lair:3   | 14664 ||| Stepping ~*~*~tactically~*~*~ (stealth).
 14830 | Lair:3   | Reached skill level 12 in Armour
 15039 | Lair:3   | 15039 ||| Stepping ~*~*~tactically~*~*~ (stealth).
 15772 | Lair:4   | 15772 ||| INVOKING Brothers in Arms.
 15889 | Lair:4   | 15889 ||| INVOKING Brothers in Arms.
 15896 | Lair:4   | Reached skill level 13 in Fighting
 16129 | Lair:4   | 16129 ||| Stepping ~*~*~tactically~*~*~ (stealth).
 16142 | Lair:4   | Reached skill level 3 in Throwing
 16154 | Lair:4   | 16154 ||| INVOKING Berserk.
 16402 | Lair:4   | 16402 ||| Stepping ~*~*~tactically~*~*~ (stealth).
 16415 | Lair:4   | 16415 ||| INVOKING Brothers in Arms.
 16445 | Lair:4   | You are sucked into a shaft and drop 1 floor!
 16445 | Lair:5   | Entered Level 5 of the Lair of Beasts
 16445 | Lair:5   | Found a staircase to the Slime Pits.
 16445 | Lair:5   | Found a viscous altar of Jiyva.
 16461 | Lair:5   | 16461 ||| INVOKING Brothers in Arms.
 16462 | Lair:5   | 16462 ||| INVOKING Brothers in Arms.
 16463 | Lair:5   | 16463 ||| INVOKING Brothers in Arms.
 16484 | Lair:5   | 16484 ||| READING 5 scrolls of identify.
 16484 | Lair:5   | 16484 ||| IDENTIFYING viscous yellow potion
 16491 | Lair:5   | Reached XP level 14. HP: 122/129 MP: 13/13
 16524 | Lair:5   | 16524 ||| DROPPING potion of invisibility.
 16538 | Lair:4   | 16538 ||| READING scroll of enchant armour.
 16538 | Lair:4   | 16538 ||| ENCHANTING +1 plate armour of fire resistance.
 16855 | Lair:5   | 16855 ||| Stepping ~*~*~tactically~*~*~ (cloud).
 16857 | Lair:5   | 16857 ||| Stepping ~*~*~tactically~*~*~ (cloud).
 16860 | Lair:5   | 16860 ||| Stepping ~*~*~tactically~*~*~ (cloud).
 16862 | Lair:5   | 16862 ||| INVOKING Brothers in Arms.
 16863 | Lair:5   | 16863 ||| Stepping ~*~*~tactically~*~*~ (cloud).
 16881 | Lair:5   | 16881 ||| DRINKING potion of cancellation.
 16920 | Lair:5   | 16920 ||| Stepping ~*~*~tactically~*~*~ (stealth).
 17262 | Lair:5   | 17262 ||| INVOKING Brothers in Arms.
 17263 | Lair:5   | 17263 ||| INVOKING Brothers in Arms.
 17269 | Lair:5   | Reached skill level 14 in Fighting
 17361 | Lair:5   | 17361 ||| Stepping ~*~*~tactically~*~*~ (hiding).
 17412 | Lair:5   | 17412 ||| INVOKING Brothers in Arms.
 17416 | Lair:5   | 17416 ||| SWAPPING to +0 morningstar.
 17418 | Lair:5   | 17418 ||| INVOKING Berserk.
 17436 | Lair:5   | 17436 ||| SWAPPING to +14 obsidian axe {vorpal, Mesm Drain
                  | Fly SInv}.
 17456 | Lair:5   | 17456 ||| FLEEEEING.
 17459 | Lair:5   | 17459 ||| Stepping ~*~*~tactically~*~*~ (hiding).
 17460 | Lair:5   | 17460 ||| FLEEEEING.
 17461 | Lair:5   | 17461 ||| INVOKING Brothers in Arms.
 17635 | Lair:5   | 17635 ||| Stepping ~*~*~tactically~*~*~ (hiding).
 17647 | Lair:5   | Reached skill level 15 in Fighting
 17653 | Lair:5   | 17653 ||| Stepping ~*~*~tactically~*~*~ (stealth).
 17663 | Lair:5   | 17663 ||| Stepping ~*~*~tactically~*~*~ (stealth).
 17682 | Lair:5   | 17682 ||| Stepping ~*~*~tactically~*~*~ (stealth).
 17692 | Lair:5   | 17692 ||| Stepping ~*~*~tactically~*~*~ (stealth).
 17698 | Lair:5   | 17698 ||| Stepping ~*~*~tactically~*~*~ (stealth).
 17711 | Lair:5   | 17711 ||| Stepping ~*~*~tactically~*~*~ (stealth).
 17748 | Lair:5   | 17748 ||| Stepping ~*~*~tactically~*~*~ (hiding).
 17906 | Lair:5   | 17906 ||| PLANNING D
 17906 | Lair:5   | 17906 ||| READING scroll labelled WITUIDD HENLIQ.
 17907 | Lair:5   | 17907 ||| READING scroll labelled ULESMA NEKEP.
 18188 | D:12     | 18188 ||| INVOKING Brothers in Arms.
 18893 | D:13     | Reached skill level 6 in Dodging
 19216 | D:13     | 19216 ||| Stepping ~*~*~tactically~*~*~ (hiding).
 19217 | D:13     | 19217 ||| Stepping ~*~*~tactically~*~*~ (hiding).
 19218 | D:13     | 19218 ||| Stepping ~*~*~tactically~*~*~ (hiding).
 19219 | D:13     | 19219 ||| Stepping ~*~*~tactically~*~*~ (hiding).
 19220 | D:13     | 19220 ||| Stepping ~*~*~tactically~*~*~ (hiding).
 19255 | D:13     | 19255 ||| FLEEEEING.
 19261 | D:13     | 19261 ||| FLEEEEING.
 19267 | D:13     | 19267 ||| FLEEEEING.
 19661 | D:13     | 19661 ||| READING 10 scrolls of identify.
 19661 | D:13     | 19661 ||| IDENTIFYING fuming yellow potion
 19662 | D:13     | 19662 ||| DROPPING potion of ambrosia.
 19684 | D:14     | 19684 ||| DRINKING potion of cancellation.
 19690 | D:14     | Reached skill level 15 in Shields
 19746 | D:14     | 19746 ||| FLEEEEING.
 19748 | D:14     | 19748 ||| STAIRDANCE
 19791 | D:14     | 19791 ||| INVOKING Brothers in Arms.
 19820 | D:14     | Found a portal to a secret trove of treasure.
 19825 | D:14     | 19825 ||| INVOKING Brothers in Arms.
 19826 | D:14     | 19826 ||| INVOKING Brothers in Arms.
 19827 | D:14     | 19827 ||| INVOKING Brothers in Arms.
 20022 | D:14     | 20022 ||| STAIRDANCE
 20140 | D:13     | 20140 ||| READING scroll labelled QEKAS SORU.
 20361 | D:14     | Found a gate to the Vaults.
 20362 | D:14     | 20362 ||| Stepping ~*~*~tactically~*~*~ (hiding).
 20377 | D:14     | Reached XP level 15. HP: 113/143 MP: 14/14
 20379 | D:14     | 20379 ||| FLEEEEING.
 20381 | D:14     | 20381 ||| FLEEEEING.
 20395 | D:14     | Reached skill level 16 in Fighting
 20617 | D:14     | Found the +8 Wrath of Trog {antimagic, *Rage Rampage}
 20631 | D:14     | 20631 ||| Stepping ~*~*~tactically~*~*~ (stealth).
 20712 | D:14     | 20712 ||| Stepping ~*~*~tactically~*~*~ (hiding).
 20778 | D:14     | 20778 ||| INVOKING Brothers in Arms.
 21003 | D:14     | Reached skill level 15 in Armour
 21014 | D:14     | 21014 ||| INVOKING Brothers in Arms.
 21015 | D:14     | 21015 ||| INVOKING Brothers in Arms.
 21016 | D:14     | 21016 ||| INVOKING Brothers in Arms.
 21017 | D:14     | 21017 ||| INVOKING Brothers in Arms.
 21018 | D:14     | 21018 ||| INVOKING Brothers in Arms.
 21019 | D:14     | 21019 ||| INVOKING Brothers in Arms.
 21020 | D:14     | 21020 ||| Stepping ~*~*~tactically~*~*~ (cloud).
 21023 | D:14     | 21023 ||| FLEEEEING.
 21024 | D:14     | 21024 ||| FLEEEEING.
 21025 | D:14     | 21025 ||| INVOKING Brothers in Arms.
 21026 | D:14     | 21026 ||| INVOKING Brothers in Arms.
 21027 | D:14     | 21027 ||| INVOKING Brothers in Arms.
 21028 | D:14     | 21028 ||| INVOKING Brothers in Arms.
 21029 | D:14     | 21029 ||| INVOKING Brothers in Arms.
 21030 | D:14     | 21030 ||| INVOKING Brothers in Arms.
 21031 | D:14     | 21031 ||| INVOKING Brothers in Arms.
 21032 | D:14     | 21032 ||| INVOKING Brothers in Arms.
 21033 | D:14     | 21033 ||| INVOKING Brothers in Arms.
 21037 | D:14     | 21037 ||| Stepping ~*~*~tactically~*~*~ (cloud).
 21047 | D:14     | 21047 ||| Stepping ~*~*~tactically~*~*~ (cloud).
 21048 | D:14     | 21048 ||| Stepping ~*~*~tactically~*~*~ (cloud).
 21051 | D:14     | HP: 35/144 [ice statue/bolt of cold (25)]
 21052 | D:14     | 21052 ||| READING 6 scrolls of teleportation.
 21053 | D:14     | 21053 ||| DRINKING 2 potions of heal wounds.
 21054 | D:14     | 21054 ||| DRINKING potion of heal wounds.
 21439 | D:14     | 21439 ||| INVOKING Brothers in Arms.
 21440 | D:14     | 21440 ||| INVOKING Brothers in Arms.
 21441 | D:14     | 21441 ||| INVOKING Brothers in Arms.
 21442 | D:14     | 21442 ||| INVOKING Brothers in Arms.
 21450 | D:14     | 21450 ||| Stepping ~*~*~tactically~*~*~ (cloud).
 21458 | D:14     | 21458 ||| READING 6 scrolls of teleportation.
 21826 | D:14     | Noticed a frost giant
 21836 | D:14     | 21836 ||| Stepping ~*~*~tactically~*~*~ (cloud).
 21837 | D:14     | 21837 ||| Stepping ~*~*~tactically~*~*~ (cloud).
 21838 | D:14     | Killed a frost giant
 22147 | D:14     | Identified the +2 robe "Edixzic" {Drain rElec rF+ Int+4}
 22256 | D:14     | 22256 ||| Stepping ~*~*~tactically~*~*~ (cloud).
 22387 | D:15     | Entered Level 15 of the Dungeon
 22387 | D:15     | Identified Roxanne's Lessons on the Figure
 22387 | D:15     | Noticed Roxanne
 22388 | D:15     | 22388 ||| INVOKING Trog's Hand.
 22401 | D:15     | Killed Roxanne
 22493 | D:15     | 22493 ||| READING scroll of enchant armour.
 22493 | D:15     | 22493 ||| ENCHANTING +2 plate armour of fire resistance.
 22507 | D:15     | Found a staircase to the Depths.
 22508 | D:15     | 22508 ||| Stepping ~*~*~tactically~*~*~ (hiding).
 22513 | D:15     | Reached skill level 17 in Fighting
 22557 | D:15     | 22557 ||| INVOKING Trog's Hand.
 22764 | D:15     | 22764 ||| Stepping ~*~*~tactically~*~*~ (hiding).
 22831 | D:15     | Identified the ring of Laum {Fire rPois}
 23041 | D:15     | 23041 ||| INVOKING Trog's Hand.
 23247 | D:14     | 23247 ||| PLANNING ORC
 23391 | Orc:1    | Entered Level 1 of the Orcish Mines
 23465 | Orc:1    | 23465 ||| Stepping ~*~*~tactically~*~*~ (hiding).
 23467 | Orc:1    | 23467 ||| Stepping ~*~*~tactically~*~*~ (hiding).
 23469 | Orc:1    | 23469 ||| Stepping ~*~*~tactically~*~*~ (hiding).
 23469 | Orc:1    | Noticed an orc warlord
 23470 | Orc:1    | 23470 ||| Stepping ~*~*~tactically~*~*~ (hiding).
 23482 | Orc:1    | Killed an orc warlord
 23486 | Orc:1    | 23486 ||| INVOKING Trog's Hand.
 23726 | Orc:1    | 23726 ||| Stepping ~*~*~tactically~*~*~ (hiding).
 23877 | Orc:2    | Entered Level 2 of the Orcish Mines
 23879 | Orc:2    | Noticed an orc warlord
 23879 | Orc:2    | Noticed an orc warlord
 23888 | Orc:2    | 23888 ||| INVOKING Trog's Hand.
 23890 | Orc:2    | 23890 ||| INVOKING Berserk.
 23904 | Orc:2    | Killed an orc warlord
 23908 | Orc:2    | Killed an orc warlord
 23965 | Orc:2    | 23965 ||| INVOKING Trog's Hand.
 23968 | Orc:2    | 23968 ||| INVOKING Brothers in Arms.
 23969 | Orc:2    | 23969 ||| INVOKING Brothers in Arms.
 23999 | Orc:2    | 23999 ||| INVOKING Trog's Hand.
 24046 | Orc:2    | 24046 ||| INVOKING Trog's Hand.
 24051 | Orc:2    | Found Nompizit's Armour Emporium.
 24051 | Orc:2    | Found Hezuduk's Weapon Boutique.
 24054 | Orc:2    | 24054 ||| INVOKING Brothers in Arms.
 24060 | Orc:2    | Found a staircase to the Elven Halls.
 24083 | Orc:2    | 24083 ||| BUYING +10 plate armour of Neuggump {Harm Str+2
                  | Int+4} (1203 gold).
 24083 | Orc:2    | Bought the +10 plate armour of Neuggump {Harm Str+2 Int+4}
                  | for 1203 gold pieces
 24083 | Orc:2    | 24083 ||| BUYING +9 plate armour "Jyskug" {+Blink rPois
                  | Str+2} (1175 gold).
 24083 | Orc:2    | Bought the +9 plate armour "Jyskug" {+Blink rPois Str+2}
                  | for 1175 gold pieces
 24142 | Orc:2    | 24142 ||| Stepping ~*~*~tactically~*~*~ (hiding).
 24280 | Orc:2    | Found Datuykier's General Store.
 24287 | Orc:2    | 24287 ||| INVOKING Brothers in Arms.
 24344 | Orc:2    | Found Vont's Armour Boutique.
 24367 | Orc:2    | 24367 ||| Stepping ~*~*~tactically~*~*~ (stealth).
 24373 | Orc:2    | 24373 ||| INVOKING Trog's Hand.
 24374 | Orc:2    | 24374 ||| INVOKING Brothers in Arms.
 24377 | Orc:2    | Received a gift from Trog
 24386 | Orc:2    | 24386 ||| DROPPING +4 vorpal broad axe.
 24707 | Orc:2    | 24707 ||| DROPPING +4 plate armour.
 24708 | Orc:2    | 24708 ||| UPGRADING to +9 plate armour "Jyskug" {+Blink
                  | rPois Str+2}.
 24718 | Orc:2    | 24718 ||| REMOVING ring of poison resistance.
 24719 | Orc:2    | 24719 ||| DROPPING +3 plate armour of fire resistance.
 24720 | Orc:2    | 24720 ||| UPGRADING to +4 ring of evasion.
 24860 | Orc:1    | 24860 ||| PLANNING SNAKE:1-3
 25059 | Snake:1  | Entered Level 1 of the Snake Pit
 25070 | Snake:1  | 25070 ||| Stepping ~*~*~tactically~*~*~ (hiding).
 25073 | Snake:1  | 25073 ||| Stepping ~*~*~tactically~*~*~ (hiding).
 25229 | Snake:1  | 25229 ||| INVOKING Brothers in Arms.
 25240 | Snake:1  | Reached skill level 6 in Throwing
 25451 | Snake:1  | 25451 ||| Stepping ~*~*~tactically~*~*~ (hiding).
 25629 | Snake:1  | Reached XP level 16. HP: 154/155 MP: 15/15
 25741 | Snake:1  | 25741 ||| Stepping ~*~*~tactically~*~*~ (hiding).
 25964 | Snake:1  | Noticed Josephine
 25972 | Snake:1  | Killed Josephine
 25980 | Snake:1  | Noticed Donald
 25988 | Snake:1  | Killed Donald
 26270 | Snake:1  | Noticed Aizul
 26271 | Snake:1  | 26271 ||| Stepping ~*~*~tactically~*~*~ (hiding).
 26274 | Snake:1  | 26274 ||| INVOKING Trog's Hand.
 26276 | Snake:1  | 26276 ||| INVOKING Berserk.
 26282 | Snake:1  | Killed Aizul
 26491 | Snake:1  | 26491 ||| UPGRADING to +0 kite shield of reflection.
 26501 | Snake:1  | 26501 ||| DROPPING +0 kite shield.
 26502 | Snake:1  | 26502 ||| UPGRADING to amulet of guardian spirit.
 26546 | Snake:2  | Noticed Vashnia
 26556 | Snake:2  | Reached skill level 18 in Fighting
 26556 | Snake:2  | 26556 ||| INVOKING Berserk.
 26566 | Snake:2  | Killed Vashnia
 26701 | Snake:2  | 26701 ||| Stepping ~*~*~tactically~*~*~ (hiding).
 26832 | Snake:2  | Identified a scroll of acquirement
 26836 | Snake:2  | 26836 ||| READING scroll of acquirement.
 26836 | Snake:2  | 26836 ||| ACQUIRING ring of protection from fire
 26836 | Snake:2  | Acquired a ring of protection from fire
 26846 | Snake:2  | You are sucked into a shaft and drop 1 floor!
 26994 | Snake:3  | 26994 ||| Stepping ~*~*~tactically~*~*~ (hiding).
 27098 | Snake:3  | Identified the +8 ring mail of the Red Skies {Fly Regen+
                  | Dex+4}
 27108 | Snake:3  | 27108 ||| INVOKING Berserk.
 27433 | Snake:3  | 27433 ||| READING scroll of enchant armour.
 27433 | Snake:3  | 27433 ||| ENCHANTING +0 pair of gloves.
 27455 | Snake:3  | 27455 ||| Stepping ~*~*~tactically~*~*~ (hiding).
 27719 | Snake:2  | 27719 ||| Stepping ~*~*~tactically~*~*~ (hiding).
 27916 | Snake:2  | Found Kinior's Book Emporium.
 27989 | Snake:2  | Identified the +6 scale mail "Haxtat" {rPois rC+}
 28024 | Snake:2  | 28024 ||| Stepping ~*~*~tactically~*~*~ (hiding).
 28041 | Snake:2  | Reached skill level 19 in Fighting
 28283 | Snake:2  | Found Gast's Distillery.
 28284 | Snake:2  | Found Beleta's Jewellery Emporium.
 28298 | Snake:2  | 28298 ||| INVOKING Brothers in Arms.
 28299 | Snake:2  | 28299 ||| INVOKING Brothers in Arms.
 28300 | Snake:2  | 28300 ||| INVOKING Brothers in Arms.
 28588 | Snake:2  | 28588 ||| BUYING 2 potions of mutation (288 gold).
 28588 | Snake:2  | Bought 2 potions of mutation for 288 gold pieces
 28588 | Snake:2  | 28588 ||| SHOPLISTING 2 potions of resistance (360 gold,
                  | have 339).
 28588 | Snake:2  | 28588 ||| BUYING potion of curing (54 gold).
 28588 | Snake:2  | Bought a potion of curing for 54 gold pieces
 28588 | Snake:2  | 28588 ||| BUYING potion of haste (180 gold).
 28588 | Snake:2  | Bought a potion of haste for 180 gold pieces
 28588 | Snake:2  | 28588 ||| SHOPLISTING potion of mutation (144 gold, have
                  | 105).
 28592 | Snake:2  | Found Xuugohe's Armour Emporium.
 28593 | Snake:2  | 28593 ||| SHOPLISTING amulet "Awihuvui" {rN+ Regen+} (618
                  | gold, have 105).
 28593 | Snake:2  | 28593 ||| SHOPLISTING amulet of reflection (450 gold, have
                  | 105).
 28593 | Snake:2  | 28593 ||| SHOPLISTING ring "Finyly Mire" {Fire rN+ Will+
                  | Dex+3 Stlth-} (700 gold, have 105).
 28593 | Snake:2  | 28593 ||| SHOPLISTING ring of ice (375 gold, have 105).
 28594 | Snake:2  | Found Imatunn's Weapon Emporium.
 28875 | Snake:3  | 28875 ||| Stepping ~*~*~tactically~*~*~ (stealth).
 28877 | Snake:3  | 28877 ||| Stepping ~*~*~tactically~*~*~ (hiding).
 28936 | Snake:3  | 28936 ||| DROPPING +0 morningstar.
 29191 | Snake:3  | Noticed Bai Suzhen
 29212 | Snake:3  | Killed Bai Suzhen
 29425 | Snake:3  | Found Fassass's Antique Weapon Shop.
 29520 | Snake:3  | 29520 ||| PLANNING SHOALS:1-3
 29520 | Snake:3  | 29520 ||| DROPPING ring of magical power.
 29623 | Shoals:1 | Entered Level 1 of the Shoals
 29690 | Shoals:1 | Reached skill level 9 in Dodging
 29755 | Shoals:1 | Reached XP level 17. HP: 166/168 MP: 16/16
 29810 | Shoals:1 | 29810 ||| Stepping ~*~*~tactically~*~*~ (hiding).
 29811 | Shoals:1 | 29811 ||| Stepping ~*~*~tactically~*~*~ (hiding).
 29846 | Shoals:1 | Noticed Mlioglotl
 29847 | Shoals:1 | 29847 ||| INVOKING Brothers in Arms.
 29848 | Shoals:1 | 29848 ||| READING 8 scrolls of teleportation.
 29849 | Shoals:1 | 29849 ||| Waiting to end mesmerise (stuck).
 30154 | Shoals:1 | Killed Mlioglotl
 30472 | Shoals:1 | 30472 ||| DROPPING ring of flight.
 30477 | Shoals:2 | 30477 ||| INVOKING Trog's Hand.
 30497 | Shoals:2 | Reached skill level 18 in Armour
 30499 | Shoals:2 | 30499 ||| Stepping ~*~*~tactically~*~*~ (cloud).
 30568 | Shoals:2 | Found Gel Somu's Magic Scroll Boutique.
 30863 | Shoals:2 | 30863 ||| BUYING scroll of teleportation (42 gold).
 30863 | Shoals:2 | Bought a scroll of teleportation for 42 gold pieces
 30879 | Shoals:2 | Found Cinuniq's Visitors' Centre.
 30887 | Shoals:2 | 30887 ||| INVOKING Brothers in Arms.
 30888 | Shoals:2 | 30888 ||| INVOKING Brothers in Arms.
 30898 | Shoals:2 | 30898 ||| INVOKING Berserk.
 31117 | Shoals:2 | Found Cinuniq's Merfolk Magic.
 31117 | Shoals:2 | Found Cinuniq's Merfolk Armours.
 31125 | Shoals:2 | 31125 ||| SHOPLISTING +4 ring of evasion (540 gold, have
                  | 205).
 31125 | Shoals:2 | 31125 ||| SHOPLISTING +4 ring of protection (540 gold, have
                  | 205).
 31130 | Shoals:2 | 31130 ||| SHOPLISTING scarf of resistance (512 gold, have
                  | 205).
 31135 | Shoals:2 | 31135 ||| SHOPLISTING scroll of teleportation (300 gold,
                  | have 205).
 31304 | Shoals:2 | Found Jaetaoj's Assorted Antiques.
 31307 | Shoals:2 | 31307 ||| Stepping ~*~*~tactically~*~*~ (hiding).
 31329 | Shoals:2 | 31329 ||| SHOPLISTING potion of haste (280 gold, have 248).
 31439 | Shoals:2 | Found Ryethruck's Magic Scroll Shoppe.
 31473 | Shoals:2 | 31473 ||| BUYING scroll of enchant armour (105 gold).
 31473 | Shoals:2 | Bought a scroll of enchant armour for 105 gold pieces
 31473 | Shoals:2 | 31473 ||| BUYING scroll of teleportation (42 gold).
 31473 | Shoals:2 | Bought a scroll of teleportation for 42 gold pieces
 31473 | Shoals:2 | 31473 ||| READING scroll of enchant armour.
 31473 | Shoals:2 | 31473 ||| ENCHANTING +1 pair of gloves.
 31500 | Shoals:2 | Found Juxaiz's Book Shop.
 31553 | Shoals:2 | Noticed a kraken
 31559 | Shoals:2 | Killed a kraken
 31790 | Shoals:2 | 31790 ||| UPGRADING to +2 pair of gloves of strength.
 31800 | Shoals:2 | 31800 ||| DROPPING +2 pair of gloves.
 31801 | Shoals:2 | 31801 ||| UPGRADING to +2 cloak.
 31811 | Shoals:2 | 31811 ||| DROPPING +0 cloak.
 31853 | Shoals:3 | 31853 ||| INVOKING Trog's Hand.
 31858 | Shoals:3 | 31858 ||| READING 9 scrolls of teleportation.
 31859 | Shoals:3 | 31859 ||| Waiting to end mesmerise (stuck).
 31893 | Shoals:3 | 31893 ||| INVOKING Trog's Hand.
 31903 | Shoals:3 | Reached skill level 20 in Fighting
 31977 | Shoals:3 | 31977 ||| INVOKING Trog's Hand.
 32052 | Shoals:3 | 32052 ||| Stepping ~*~*~tactically~*~*~ (hiding).
 32053 | Shoals:3 | 32053 ||| Stepping ~*~*~tactically~*~*~ (hiding).
 32191 | Shoals:3 | Identified the +1 battleaxe of Earthquakes {vamp, *Rage
                  | +Blink rElec Stlth+}
 32246 | Shoals:3 | Noticed a kraken
 32252 | Shoals:3 | Killed a kraken
 32572 | Shoals:3 | 32572 ||| Stepping ~*~*~tactically~*~*~ (hiding).
 32711 | Shoals:3 | 32711 ||| PLANNING SNAKE:4
 32711 | Shoals:3 | 32711 ||| DROPPING +1 pair of gloves of strength.
 32817 | Snake:4  | Entered Level 4 of the Snake Pit
 32820 | Snake:4  | 32820 ||| INVOKING Brothers in Arms.
 32934 | Snake:4  | 32934 ||| Stepping ~*~*~tactically~*~*~ (hiding).
 32935 | Snake:4  | 32935 ||| Stepping ~*~*~tactically~*~*~ (hiding).
 33075 | Snake:4  | 33075 ||| Stepping ~*~*~tactically~*~*~ (stealth).
 33075 | Snake:4  | Noticed Mara
 33076 | Snake:4  | 33076 ||| INVOKING Brothers in Arms.
 33086 | Snake:4  | Noticed qw's illusion
 33102 | Snake:4  | 33102 ||| INVOKING Brothers in Arms.
 33103 | Snake:4  | HP: 41/170 [naga mage/+0 club (3)]
 33103 | Snake:4  | HP: 12/170 [naga warrior/+0 halberd of pain (25)]
 33104 | Snake:4  | 33104 ||| READING 8 scrolls of teleportation.
 33104 | Snake:4  | Shot with a bolt by a naga sharpshooter

Levels and vault maps discovered:
D:1:      spicycebolla_green_bress_n_ham_2, layout_basic, minivault_5
D:2:      layout_basic, shapermc_ecumenical_altar_flowoftime, minmay_bisected
D:3:      layout_rooms, mainiacjoe_overflow_catwalk_spiral,
          nicolae_wu_jian_immortal_techniques, uniq_natasha
D:4:      layout_rooms, nicolae_overflow_hidden_temple
D:5:      layout_rooms, corner_web_ring, uniq_prince_ribbit1
D:6:      minmay_octagon_keep, layout_basic, lemuel_tele_altar, minivault_11,
          grunt_tough_drop
D:7:      layout_rooms, worldfamousw_hep_ancestral_shrine,
          minmay_temple_entry_fiery
D:8:      layout_basic, nicolae_ru_the_path_less_chosen,
          nicolae_vehumet_radiance, lightli_temple_of_fire,
          dreamdust_deal_with_the_devil
D:9:      layout_cave_pools, kennysheep_orc_monster_closet_entryway
D:10:     cheibrodos_barr_body, layout_gridville,
          mainiacjoe_overflow_surrounded_room
D:11:     nzn_winding_woodlands_medium [nzn_winding_woodlands_5x5_three,
          nzn_winding_woodlands_5x15_split_checker,
          nzn_winding_woodlands_5x5_closed_star,
          nzn_winding_woodlands_5x5_cross, nzn_winding_woodlands_center_lodge,
          nzn_winding_woodlands_5x5_perimeter,
          nzn_winding_woodlands_5x5_open_star, nzn_winding_woodlands_5x15_pool,
          nzn_winding_woodlands_hourglass], layout_basic, david_lair_generic,
          uniq_harold, uniq_gastronok, uniq_fannar
D:12:     layout_roguey
D:13:     layout_long_grid
D:14:     minmay_twisted_water, layout_loops_ring, erik_vaults_2, enter_trove_2,
          portal_ice_cave_entry_horrid_things,
          minmay_guarded_unrand_wrath_of_trog
D:15:     hangedman_depths_entry_civil_slaughter, layout_rooms,
          nicolae_eternal_life, uniq_roxanne
Lair:1:   layout_layer_cave, nicolae_lair_lindhole, lemuel_fruit_fields
Lair:2:   layout_hall_layers, guppyfry_snake_entry_island
Lair:3:   layout_layer_cave, elwin_shoals_entry_stream, serial_bayou_pond_c
Lair:4:   layout_long_grid, beast_lair_carwin_11
Lair:5:   hangedman_lair_caniforms_friends, layout_regular_city, slime_entry_1,
          minivault_27, chequers_serial_rivers_small_b,
          kennysheep_basilisk_garden
Shoals:1: layout_shoals, uniq_mlioglotl
Shoals:2: nicolae_shoals_mermall, layout_shoals, serial_shops,
          nicolae_shop_hallway_stairs, shop, nicolae_square_shop, shop
Shoals:3: layout_shoals
Snake:1:  nicolae_snake_crotalidae_crossing, layout_gridlike,
          serial_bayou_shore_a, uniq_donald, uniq_aizul, uniq_josephine
Snake:2:  layout_misc_corridors, serial_shops, shop_statue,
          nicolae_snake_serpentine_bazaar, uniq_vashnia
Snake:3:  layout_cave_town, serial_shops, nicolae_lakefront_shop,
          grunt_megastairs_2, lemuel_fruit_tree, uniq_bai_suzhen
Snake:4:  snake_pit, layout_cave_town, nicolae_snake_gridmaze_zigzag,
          hangedman_snake_corridor_cut, uniq_mara
Orc:1:    layout_diamond_mine, bh_open_orc_temple
Orc:2:    st_orc_town, layout_caves, lemuel_statue_altar

Skill      XL: |  1  2  3  4  5  6  7  8  9 10 11 12 13 14 15 16 17 |
---------------+----------------------------------------------------+-----
Axes           | 4 5 6 7 8 9 10 12 14 17 18 | 18.1
Armour         | 3 5 6 8 9 10 12 14 16 17 19 | 19.0
Fighting       | 4 5 6 7 8 9 11 13 15 17 19 20 | 20.0
Shields        | 6 9 10 12 13 15 16 17 | 17.5
Throwing       | 1 2 3 6 7 |  7.1
Dodging        | 3 4 5 6 7 9 |  9.4

Action                   |  1- 3 |  4- 6 |  7- 9 | 10-12 | 13-15 | 16-18 || total
-------------------------+-------+-------+-------+-------+-------+-------++-------
Melee: Hand axe          |    93 |    44 |       |       |       |       ||   137
       Headbutt          |    11 |    15 |    48 |    45 |   146 |    98 ||   363
       Punch             |     1 |       |     1 |       |       |       ||     2
       War axe           |       |    37 |   261 |    11 |       |       ||   309
       Broad axe         |       |       |       |   242 |   682 |   483 ||  1407
       Morningstar       |       |       |       |       |    15 |       ||    15
Throw: Boomerang         |     7 |    39 |       |     9 |   121 |    40 ||   216
Invok: Berserk           |     2 |     3 |     9 |     2 |     3 |     4 ||    23
       Brothers in Arms  |       |       |       |     8 |    22 |     6 ||    36
       Trog's Hand       |       |       |       |       |     9 |     5 ||    14
  Use: Scroll            |     9 |     3 |     7 |     4 |    11 |     6 ||    40
       Potion            |       |     1 |     2 |     5 |     4 |       ||    12
 Stab: Distracted        |       |       |       |     2 |     6 |     3 ||    11
       Petrified         |       |       |       |     4 |       |       ||     4
Armor: Animal skin       |     8 |       |       |       |       |       ||     8
       Plate armour      |    32 |    49 |   138 |    97 |   280 |   221 ||   817
Dodge: Dodged            |    34 |    29 |    61 |    64 |   153 |   207 ||   548
Block: Kite shield       |       |       |    86 |   109 |   298 |   311 ||   804
       Reflection        |       |       |       |       |       |    48 ||    48

Table legend:
 A = Non-vault XP
 B = Vault XP
 C = Vault XP percentage of total XP
 D = Non-vault monster count
 E = Vault monster count
 F = Vault count percentage of total count
                 A         B        C        D         E       F
            +---------+---------+-------+---------+---------+-------
      Total |  177328 |   93571 |  34.5 |     654 |     297 |  31.2
            +---------+---------+-------+---------+---------+-------
        D:1 |      20 |       0 |   0.0 |      14 |       0 |   0.0
        D:2 |      47 |       5 |   9.6 |      18 |       3 |  14.3
        D:3 |      68 |      36 |  34.6 |      12 |       1 |   7.7
        D:4 |     388 |     268 |  40.9 |      28 |       1 |   3.4
        D:5 |    1082 |       0 |   0.0 |      22 |       0 |   0.0
        D:6 |    1008 |     976 |  49.2 |      23 |      16 |  41.0
        D:7 |    1089 |       0 |   0.0 |      20 |       0 |   0.0
        D:8 |    1950 |       0 |   0.0 |      26 |       0 |   0.0
        D:9 |    2757 |    1418 |  34.0 |      37 |      20 |  35.1
       D:10 |    3701 |    3350 |  47.5 |      17 |      14 |  45.2
       D:11 |    1493 |   14142 |  90.5 |      12 |      30 |  71.4
       D:12 |    6472 |       0 |   0.0 |      13 |       0 |   0.0
       D:13 |    4826 |       0 |   0.0 |      12 |       0 |   0.0
       D:14 |    7087 |   18173 |  71.9 |      20 |      39 |  66.1
       D:15 |    5451 |    5767 |  51.4 |      18 |       7 |  28.0
     Lair:1 |    4353 |    1337 |  23.5 |      11 |       2 |  15.4
     Lair:2 |    7229 |     313 |   4.2 |      20 |       2 |   9.1
     Lair:3 |    5449 |    1715 |  23.9 |      24 |       4 |  14.3
     Lair:4 |    8274 |    1640 |  16.5 |      22 |       2 |   8.3
     Lair:5 |    6552 |   11107 |  62.9 |      24 |      60 |  71.4
   Shoals:1 |   13244 |    1920 |  12.7 |      24 |       1 |   4.0
   Shoals:2 |   11772 |    4021 |  25.5 |      21 |       8 |  27.6
   Shoals:3 |   14611 |       0 |   0.0 |      28 |       0 |   0.0
    Snake:1 |    8872 |    7559 |  46.0 |      16 |      13 |  44.8
    Snake:2 |   15959 |    5341 |  25.1 |      35 |       4 |  10.3
    Snake:3 |   21075 |    4032 |  16.1 |      36 |       3 |   7.7
    Snake:4 |    9854 |    4851 |  33.0 |      18 |       7 |  28.0
      Orc:1 |    3348 |     929 |  21.7 |      18 |       4 |  18.2
      Orc:2 |    9297 |    4671 |  33.4 |      65 |      56 |  46.3
            +---------+---------+-------+---------+---------+-------
